 Dungeon Crawl Stone Soup version 0.26.0-10-g1f06aea511 (webtiles) character file.

Game seed: 14257245643338737981

466 night the Slinger (level 7, -2/48 HPs)
             Began as a Halfling Hunter on Jan 23, 2021.
             Was a Follower of Fedhas.
             Slain by a big kobold zombie (4 damage)
             ... in an ossuary.
             The game lasted 00:09:08 (4318 turns).

night the Slinger (Halfling Hunter)                 Turns: 4318, Time: 00:09:08

Health: -2/48      AC:  9    Str: 15    XL:     7   Next: 30%
Magic:  7/7        EV:  9    Int:  9    God:    Fedhas [*.....]
Gold:   168        SH:  0    Dex: 15    Spells: 6/6 levels left

rFire    + . .     SeeInvis .   G - +0 falchion
rCold    x . .     Faith    .   (shield restricted)
rNeg     . . .     Spirit   .   s - +0 chain mail
rPois    .         Reflect  .   (no helmet)
rElec    .         Harm     .   (no cloak)
rCorr    .         Rampage  .   o - +0 pair of gloves
Will     .....                  (no boots)
Stlth    ..........             x - amulet of magic regeneration
HPRegen  0.16/turn              g - ring of fire
MPRegen  0.35/turn              H - ring of stealth

@: no status effects
A: small, mutation resistance 1
a: Renounce Religion


You were in an ossuary.
You worshipped Fedhas.
Fedhas was aware of your devotion.
You visited 1 branch of the dungeon, and saw 5 of its levels.
You also visited: Ossuary.

You collected 168 gold pieces.

Inventory:

Hand Weapons
 a - a +1 dagger of draining
 b - a +1 hunting sling
 w - a +0 short sword
 F - a +2 dagger of venom
 G - a +0 falchion (weapon)
Missiles
 d - 37 sling bullets
 k - 122 stones (quivered)
 m - 28 poisoned darts
 E - 5 boomerangs
Armour
 c - a +0 leather armour
 o - a +0 pair of gloves (worn)
 s - a +0 chain mail (worn)
Jewellery
 g - a ring of fire (left hand)
 x - an amulet of magic regeneration (around neck)
 H - a ring of stealth (right hand)
Scrolls
 e - a scroll of magic mapping {unknown}
 f - 7 scrolls of identify {unknown}
 j - a scroll of amnesia {unknown}
 n - a scroll of fog {unknown}
 q - 2 scrolls of fear {unknown}
 t - a scroll of teleportation {unknown}
 u - a scroll of enchant weapon {unknown}
 v - 2 scrolls of remove curse {unknown}
 y - 2 scrolls of enchant armour {unknown}
 D - a scroll of immolation {unknown}
Potions
 h - 2 potions of berserk rage {unknown}
 i - a potion of ambrosia {unknown}
 l - a potion of lignification {unknown}
 p - a potion of mutation {unknown}
 r - a potion of heal wounds {unknown}
 z - a potion of might {unknown}
 A - a potion of magic {unknown}
 B - a potion of degeneration {unknown}
 C - a potion of flight {unknown}


   Skills:
 + Level 4.1 Fighting
 + Level 4.7 Short Blades
 + Level 8.3 Slings
 - Level 2.1 Dodging
 - Level 1.1 Stealth


You had 6 spell levels left.
You didn't know any spells.
Your spell library was empty.

Dungeon Overview and Level Annotations

Branches:
Dungeon (5/15)            Ossuary (1/1)
 Temple: D:4-7

Altars:
Fedhas
Gozag
Okawaru
Wu Jian
Xom
Yredelemnul


Innate Abilities, Weirdness & Mutations

You are small and have problems with some larger weapons.
You are somewhat resistant to further mutation.


Message History

The big kobold zombie closely misses you.
You hit the mummy.
The mummy is almost destroyed.
The orc zombie hits you but does no damage.
The big kobold zombie hits you.
* * * LOW HITPOINT WARNING * * *
You hit the mummy.
You destroy the mummy!
Fedhas accepts your kill. The orc zombie barely misses you.
The big kobold zombie hits you.
* * * LOW HITPOINT WARNING * * *
The centaur zombie hits you.
* * * LOW HITPOINT WARNING * * *
You hit the centaur zombie.
The centaur zombie is severely damaged.
The orc zombie hits you but does no damage.
The centaur zombie hits you but does no damage.
The big kobold zombie hits you.
You die...
Fedhas appreciates your contribution to the ecosystem.

## .#. ....
##### .....
##...##
.....###@....##
.......ZZZ....#
.........∩.∩..#
..............#
.....###.....##
..... ##...##
.... ##### .#.
##


You could see a big kobold zombie, an orc zombie and a centaur zombie.

Vanquished Creatures
  An ice beast (D:3)
  An ogre (D:4)
  A jelly (D:4)
  A hound (D:4)
  An iguana (D:4)
  A worker ant (D:4)
  A mummy (Ossuary)
  4 adders
  3 gnolls (D:3)
  An ooze (D:1)
  3 worms
  2 dart slugs
  2 leopard geckos
  10 orcs (D:4)
  A ball python (D:2)
  3 giant cockroaches
  10 goblins
  12 hobgoblins
  6 jackals
  8 kobolds
  A quokka (D:4)
  6 bats
  4 frilled lizards
  4 rats
87 creatures vanquished.

Notes
Turn   | Place    | Note
-------+----------+-------------------------------------------
     0 | D:1      | night the Halfling Hunter began the quest for the Orb.
     0 | D:1      | Reached XP level 1. HP: 14/14 MP: 1/1
   256 | D:1      | Reached skill level 6 in Slings
   322 | D:1      | Reached XP level 2. HP: 13/19 MP: 2/2
   451 | D:1      | Reached skill level 1 in Short Blades
   726 | D:1      | Reached XP level 3. HP: 24/24 MP: 3/3
  1444 | D:2      | Reached XP level 4. HP: 30/30 MP: 4/4
  1619 | D:2      | Found a blossoming altar of Fedhas.
  1716 | D:2      | Found a shimmering altar of Xom.
  1750 | D:2      | Became a worshipper of Fedhas Madash
  2503 | D:3      | Reached XP level 5. HP: 29/36 MP: 5/5
  2513 | D:3      | Reached skill level 7 in Slings
  2706 | D:3      | Found a basalt altar of Yredelemnul.
  2731 | D:3      | Reached * piety under Fedhas
  2963 | D:3      | Found an ornate altar of the Wu Jian Council.
  3208 | D:4      | Noticed an ice beast
  3223 | D:3      | Killed an ice beast
  3224 | D:3      | Reached XP level 6. HP: 7/42 MP: 6/6
  3752 | D:4      | Found an opulent altar of Gozag.
  3753 | D:4      | Noticed an ogre
  3768 | D:4      | Killed an ogre
  3769 | D:4      | Reached skill level 8 in Slings
  3769 | D:4      | Reached XP level 7. HP: 35/48 MP: 7/7
  4254 | D:5      | Entered Level 5 of the Dungeon
  4273 | D:5      | Found an iron altar of Okawaru.
  4283 | D:5      | Found a sand-covered staircase.
  4294 | Ossuary  | Entered an ossuary
  4317 | Ossuary  | HP: 2/48 [centaur zombie (5)]
  4318 | Ossuary  | Slain by a big kobold zombie

Illustrated notes

Levels and vault maps discovered:
D:1:      heliophobic_arrival_henge, layout_basic
D:2:      layout_basic, lemuel_crystal_altar, fedhas_altar_4
D:3:      layout_rooms, lemuel_coloured_pillars_altar,
          overflow_temple_1_default, kennysheep_generic_room_8
D:4:      layout_basic, kennysheep_little_box
D:5:      wander_guarded_unrand_ratskin, layout_basic,
          okawaru_ov_weapons_minmay, nicolae_ossuary_entry_monument
Ossuary:  minmay_ossuary_gauntlet

Skill      XL: |  1  2  3  4  5  6 |
---------------+-------------------+-----
Fighting       | 2 3 4 |  4.1
Slings         | 6 7 8 |  8.3
Short Blades   | 1 2 3 4 |  4.7
Dodging        | |  2.1
Stealth        | |  1.1

Action                   |  1- 3 |  4- 6 |  7- 9 || total
-------------------------+-------+-------+-------++-------
Melee: Short sword       |    42 |     9 |       ||    51
       Dagger            |       |    57 |    36 ||    93
       Falchion          |       |       |    16 ||    16
 Fire: Hunting sling     |    55 |   116 |    15 ||   186
Armor: Leather armour    |     9 |       |       ||     9
       Chain mail        |       |    45 |    22 ||    67
Dodge: Dodged            |    40 |    44 |    27 ||   111
       Rpst.: Falchion   |       |       |     4 ||     4
